 Dungeon Crawl Stone Soup version 0.30-a0-862-g1aabd4f9c5 (webtiles) character file.

Game seed: 16604751206155653454

9 Esekla the Sneak (level 2, -3/21 HPs)
             Began as an Octopode Delver on Mar 10, 2023.
             Slain by a water moccasin zombie (7 damage)
             ... on level 5 of the Dungeon.
             The game lasted 00:01:10 (114 turns).

Esekla the Sneak (Octopode Delver)                   Turns: 114, Time: 00:01:11

Health: -3/21      AC:  1    Str: 11    XL:     2   Next: 12%
Magic:  2/2        EV: 13    Int: 12    God:
Gold:   26         SH:  0    Dex: 13    Spells: 1/1 levels left

rFire   . . .      SeeInvis .    a - +0 falchion
rCold   . . .      Faith    .    (no shield)
rNeg    . . .      Spirit   .    (helmet restricted)
rPois   .          Reflect  .    (no amulet)
rElec   .          Rampage  .    (no ring)
rCorr   .                        (no ring)
Will    .....                    (no ring)
Stlth   ++++                     (no ring)
HPRegen 0.23/turn                (no ring)
MPRegen 0.08/turn                (no ring)
                                 (no ring)
                                 (no ring)

@: no status effects
A: almost no armour, amphibious, 8 rings, camouflage 1, gelatinous body 1,
(nimble swimmer 1), tentacles
a: no special abilities


You were on level 5 of the Dungeon.
You visited 1 branch of the dungeon, and saw 1 of its levels.

You collected 26 gold pieces.

Inventory:

Hand Weapons
 a - a +0 falchion (weapon)
Wands
 f - a wand of digging (3)
Scrolls
 b - a scroll of fog
 c - a scroll of teleportation {unknown}
 d - 2 scrolls of fear
 g - a scroll of identify {unknown}
Potions
 e - a potion of haste


   Skills:
 * Level 3.1 Fighting
 * Level 2.1 Long Blades
 * Level 2.1 Dodging
 + Level 6.9 Stealth
 * Level 0.2 Spellcasting


You had one spell level left.
You didn't know any spells.
Your spell library was empty.

Dungeon Overview and Level Annotations

Branches:
Dungeon (5/15)
 Temple: D:4-7

Altars:


Innate Abilities, Weirdness & Mutations

You cannot wear most types of armour.
You are amphibious.
You can wear up to eight rings at the same time.
Your skin changes colour to match your surroundings (Stealth+).
Your rubbery body absorbs attacks. (AC +1, EV +1)
((You are camouflaged when in or above water. (Stealth+)))
You have tentacles for arms and can constrict up to eight enemies at once.


Message History

You squeeze the adder.
The adder is moderately wounded.
The adder closely misses you.
You miss the adder. You grab the adder. You squeeze the adder!
You kill the adder!
You have reached level 2!
There is an open door here.
You now have 26 gold pieces (gained 12).
c - a scroll labelled HAETER TANI
Found a scroll labelled UHINKO GUOTA and a scroll of fear.
Found a stone staircase leading up.
d - 2 scrolls of fear (gained 1)
g - a scroll labelled UHINKO GUOTA A bullfrog zombie and a water moccasin zombie come into view.
The water moccasin zombie bites you!
The bullfrog zombie attacks as you move away!
The bullfrog zombie hits you.
You hit the water moccasin zombie. You grab the water moccasin zombie.
You squeeze the water moccasin zombie.
The water moccasin zombie is lightly damaged.
You constrict the water moccasin zombie.
The water moccasin zombie bites you but does no damage.
You barely miss the water moccasin zombie.
You squeeze the water moccasin zombie.
The water moccasin zombie is moderately damaged.
You constrict the water moccasin zombie.
The water moccasin zombie bites you. x2
* * * LOW HITPOINT WARNING * * *
You slash the water moccasin zombie! You squeeze the water moccasin zombie!
The water moccasin zombie is severely damaged.
You constrict the water moccasin zombie.
The water moccasin zombie barely misses you.
Unknown command.
You hit the water moccasin zombie. You squeeze the water moccasin zombie!
The water moccasin zombie is almost destroyed.
You constrict the water moccasin zombie.
The water moccasin zombie bites you.
* * * LOW HITPOINT WARNING * * *
The water moccasin zombie bites you!
You die...

**** ,,,* **#######* ****
*,.......* ****,.......######
*_,,,......ZZ@...#
*******,.......####.# ,,,*
*,.......* #.# ****
**###########.#
#####.........#************
###.............+,,,,,,,,,,,,
#####...###.........#****,*******
.......## #.........+,,,*,*
.......####.........#**,*,*


You could see a water moccasin zombie and a bullfrog zombie.

Vanquished Creatures
  An adder (D:5)
1 creature vanquished.

Notes
Turn   | Place    | Note
-------+----------+-------------------------------------------
     0 | D:5      | Esekla the Octopode Delver began the quest for the Orb.
     0 | D:5      | Reached XP level 1. HP: 16/16 MP: 1/1
     8 | D:5      | Noticed a hound
    23 | D:5      | Noticed a hound
    56 | D:5      | Reached XP level 2. HP: 21/21 MP: 2/2
   114 | D:5      | Slain by a water moccasin zombie

Illustrated notes

Levels and vault maps discovered:
D:5:      layout_basic, kiku_gazebo_pond_becter, lemuel_zombie_altar_yredelemnul

Action                     || total
---------------------------++-------
  Melee: Falchion          ||     6
         Tentacles         ||     6
         Constrict         ||     2
    Use: Scroll            ||     1
 Armour: Skin              ||     1
  Dodge: Dodged            ||     2

Table legend: (Time is in decaauts)
 A = Elapsed time spent in this place.
 B = Non-inter-level travel time spent in this place.
 C = Inter-level travel time spent in this place.
 D = Time resting spent in this place.
 E = Time spent auto-exploring this place.
 F = Levels seen in this place.
 G = Mean time per level.
                   A        B        C        D        E       F      G
               +--------+--------+--------+--------+--------+-----+--------+
         Total |    115 |    115 |      0 |      0 |      0 |   1 |  115.0 |
       Dungeon |    115 |    115 |      0 |      0 |      0 |   1 |  115.0 |
               +--------+--------+--------+--------+--------+-----+--------+

Top non-repeatable levels by time:
     D:5: 115 daAuts
